 Dungeon Crawl Stone Soup version 0.22-a0-367-gb72a975701 (webtiles) character file.

264 Manul the Covert (level 5, -4/26 HPs)
             Began as a Spriggan Assassin on Apr 22, 2018.
             Killed by divine providence
             ... invoked by an orc priest
              (14 damage)
             ... on level 3 of the Dungeon.
             The game lasted 00:06:04 (4540 turns).

Manul the Covert (Spriggan Assassin)                Turns: 4540, Time: 00:06:05

Health: -4/26      AC:  3    Str:  7    XL:     5   Next: 98%
Magic:  6/6        EV: 17    Int: 12    God:
Gold:   206        SH:  6    Dex: 19    Spells: 3/5 levels left

rFire    . . .     SeeInvis +   l - +2 short sword (venom)
rCold    . . .     Gourm    .   k - +0 buckler
rNeg     . . .     Faith    .   c - +0 robe
rPois    .         Spirit   .   (helmet restricted)
rElec    .         Reflect  .   d - +0 cloak
rCorr    .         Harm     .   (gloves unavailable)
MR       .....                  (boots unavailable)
Stlth    ++++......             (no amulet)
HPRegen  0.08/turn              (no ring)
MPRegen  0.10/turn              (no ring)

@: very quick
A: very small, unfitting armour, see invisible, herbivore, speed 3, slow
metabolism 2
a: no special abilities


You were on level 3 of the Dungeon.
You were not hungry.

You visited 1 branch of the dungeon, and saw 3 of its levels.

You collected 206 gold pieces.

Inventory:

Hand Weapons
 a - a +2 dagger
 b - a +0 blowgun
 l - a +2 short sword of venom (weapon)
Missiles
 f - 7 poisoned needles
 j - 2 curare-tipped needles
Armour
 c - a +0 robe (worn)
 d - a +0 cloak (worn)
 k - a +0 buckler (worn)
Wands
 e - a wand of random effects (20)
Scrolls
 i - 2 scrolls of identify
 o - a scroll of blinking
Potions
 h - a potion of curing
 m - 2 potions of mutation {unknown}
 n - a potion of invisibility {unknown}
 p - a potion of agility {unknown}
Comestibles
 g - 4 rations


   Skills:
 + Level 2.2 Fighting
 + Level 4.1 Short Blades
 - Level 2.0 Throwing
 + Level 2.7 Dodging
 * Level 8.5 Stealth
 + Level 0.5 Shields
 * Level 0.5 Spellcasting
 + Level 0.7 Evocations


You had 3 spell levels left.
You knew the following spells:

 Your Spells              Type           Power        Failure   Level  Hunger
a - Ensorcelled Hibernat  Hex/Ice        #.....       61%         2    ###....


Dungeon Overview and Level Annotations

Branches:
Dungeon (3/15)

Altars:
Fedhas
Vehumet


Innate Abilities, Weirdness & Mutations

You are very small and have problems with some larger weapons.
You are too small for most types of armour.
You have supernaturally acute eyesight. (SInv)
You are a herbivore.
You cover ground extremely quickly.
You need to consume almost no food.


Message History

You are too injured to fight recklessly!
You are too injured to fight recklessly!
You are too injured to fight recklessly!
You are too injured to fight recklessly!
You are too injured to fight recklessly!
You are too injured to fight recklessly!
You are too injured to fight recklessly!
You are too injured to fight recklessly!
You are too injured to fight recklessly!
You are too injured to fight recklessly!
You are too injured to fight recklessly!
You barely miss the orc priest.
The orc priest is heavily wounded.
A jackal comes into view.
You closely miss the orc priest.
The orc priest is severely wounded.
The orc priest mumbles some strange prayers to Beogh against you.
Beogh smites you!
Ouch! That really hurt!
You die...

# #.......# #...####...##.###. #
##...#### #.............# #. #
#.....# #####...####......###.
####.....###...........#..##.....
..........................##.....
####.....###...†......h#..##.##.#
####.....# #####.....(....##.##.#
≈≈≈####### #.....<.#####.......#
≈≈≈≈###.# #.##@...# ####.####
..≈≈....# #.##o#..# #.# ##
...≈≈...# #.#.###.# #.# #.
≈....≈..# #.##.#..# #.# #.
.≈≈..≈..# #.##..#.##### #.###.
.†.≈≈...## #......>....# #.....
≈⌠.......#######..#####.# #####>
⌠≈≈........).........##.### #.
...≈....######.#..##......# #.


You could see an orc priest and a jackal.

Vanquished Creatures
  An orc wizard (D:3)
  Robin (D:3)
  8 adders
  4 gnolls
  3 worms
  A dart slug (D:1)
  5 leopard geckos
  5 orcs
  7 bats
  2 giant cockroaches
  17 goblins
  13 hobgoblins
  7 jackals (D:3)
  5 quokkas
  3 frilled lizards
  6 kobolds
  3 rats
91 creatures vanquished.

Notes
Turn   | Place    | Note
-------+----------+-------------------------------------------
     0 | D:1      | Manul the Spriggan Assassin began the quest for the Orb.
     0 | D:1      | Reached XP level 1. HP: 10/10 MP: 2/2
   138 | D:1      | Reached skill level 6 in Stealth
   251 | D:1      | Reached XP level 2. HP: 13/14 MP: 3/3
   406 | D:1      | Reached skill level 7 in Stealth
   434 | D:1      | Reached XP level 3. HP: 18/18 MP: 4/4
  1470 | D:2      | Reached XP level 4. HP: 14/23 MP: 5/5
  1602 | D:2      | Found a blossoming altar of Fedhas.
  2077 | D:2      | Reached XP level 5. HP: 26/26 MP: 6/6
  2317 | D:2      | Found a radiant altar of Vehumet.
  2460 | D:3      | Reached skill level 8 in Stealth
  2481 | D:3      | Found a faded altar of an unknown god.
  3063 | D:3      | HP: 1/26 [orc wizard/dagger (2)]
  3834 | D:3      | Noticed Robin
  3937 | D:3      | Killed Robin
  4476 | D:3      | Learned a level 2 spell: Ensorcelled Hibernation
  4540 | D:3      | Killed from afar by an orc priest

Vault maps used:
D:1:      nagdon_arrival_zigzag_paths
D:2:      nicolae_overflow_hidden_temple, lemuel_doored_altar
D:3:      cheibrodos_helix_gallery, chequers_ecumenical_altar_simple_redux,
          first_ration, uniq_robin

Skill      XL: |  1  2  3  4  5 |
---------------+----------------+-----
Stealth        | 6 7 8 |  8.5
Fighting       | 2 |  2.2
Short Blades   | 3 4 |  4.1
Dodging        | 2 |  2.7
Throwing       | |  2.0
Shields        | |  0.5
Spellcasting   | |  0.5
Evocations     | |  0.7

Action                   |  1- 3 |  4- 6 || total
-------------------------+-------+-------++-------
Melee: Dagger            |   126 |    97 ||   223
       Short sword       |       |   106 ||   106
 Fire: Blowgun           |    10 |       ||    10
Evoke: Wand              |     6 |     7 ||    13
  Use: Scroll            |     4 |     1 ||     5
       Potion            |     2 |     2 ||     4
 Stab: Sleeping          |     9 |     5 ||    14
       Distracted        |       |     4 ||     4
  Eat: Ration            |       |     1 ||     1
Armor: Robe              |    12 |    20 ||    32
Dodge: Dodged            |    79 |   106 ||   185
Block: Buckler           |    10 |    32 ||    42

Table legend:
 A = Spawn XP
 B = Non-spawn XP
 C = Spawn XP percentage of total XP
 D = Spawn monster count
 E = Non-spawn monster count
 F = Spawn count percentage of total count
 G = Total turns spent on level
                    A         B        C        D         E        F      G
               +---------+---------+-------+---------+---------+-------+---------
         Total |       0 |     378 |   0.0 |       0 |      91 |   0.0 |  4540
               +---------+---------+-------+---------+---------+-------+---------
           D:1 |       0 |      44 |   0.0 |       0 |      18 |   0.0 |   810
           D:2 |       0 |     162 |   0.0 |       0 |      33 |   0.0 |  2178
           D:3 |       0 |     172 |   0.0 |       0 |      40 |   0.0 |  1552
               +---------+---------+-------+---------+---------+-------+---------
